AoeStats
← moron

African Clearing

504328750Analyzed
3v3 RM · 28d ago on Sep 4, 2026· 61m 44s· 6 players
Game mode
Random Map
Map size
Normal (6 player)
Population
200
Speed
Normal
Resources
Standard
Victory
Conquest
Starting age
Dark Age
Ending age
Imperial Age
RankedLock teamsTeams togetherTeam positionsShared explorationLock speedFull tech treeHidden civsTurbo modeCheats
Victory
Defeat
🇧🇷 Jurchens · Brazil
1381
+11
🇦🇺 Goths · Australia
1332
+13
🇬🇧 Turks · United Kingdom
1315
+13
🇮🇳 Wei · India
1274
-13
🇮🇳 Huns · India
1261
-12
🇮🇳 Slavs · India
1240
-12
moron
14:58 Feudal Age
15:47 Loom
17:26 Scale Barding Armor
18:32 Bloodlines
19:19 Forging
23:13 Castle Age
22:51 Double-Bit Axe
25:45 Wheelbarrow
34:04 Horse Collar
35:52 Hand Cart
35:42 Gold Mining
35:43 Stone Mining
35:42 Town Watch
37:35 Town Patrol
38:30 Heavy Plow
38:49 Bow Saw
39:50 Gold Shaft Mining
42:03 Imperial Age
39:54 Masonry
41:15 Fervor
42:56 Artillery
43:19 Conscription
43:37 Murder Holes
43:34 Fletching
47:02 Bodkin Arrow
49:41 Ballistics
49:51 Architecture
49:03 Treadmill Crane
49:25 Bracer
51:48 Elite Janissary
53:39 Heavy Camel Rider
54:41 Chain Barding Armor
54:56 Iron Casting
56:38 Two-Man Saw
58:58 Plate Barding Armor
59:24 Blast Furnace
Karzul
9:19 Loom
12:04 Feudal Age
12:34 Double-Bit Axe
12:30 Horse Collar
21:17 Wheelbarrow
23:58 Castle Age
22:09 Bloodlines
22:06 Scale Barding Armor
23:22 Forging
24:09 Light Cavalry
25:11 Chain Barding Armor
25:12 Bow Saw
25:03 Heavy Plow
24:55 Gold Mining
27:30 Husbandry
29:07 Town Watch
37:27 Hand Cart
41:04 Imperial Age
39:01 Fletching
39:53 Bodkin Arrow
40:37 Iron Casting
40:54 Padded Archer Armor
42:19 Bracer
42:55 Plate Barding Armor
44:10 Leather Archer Armor
44:56 Blast Furnace
44:22 Ballistics
45:03 Chemistry
45:38 Elite Steppe Lancer
46:55 Masonry
47:22 Conscription
46:27 Elite Iron Pagoda
50:09 Elite Skirmisher
51:21 Ring Archer Armor
50:49 Murder Holes
52:01 Fortified Bastions
53:08 Two-Man Saw
52:42 Crop Rotation
59:07 Heavy Cavalry Archer
60:28 Hussar
SweatyPenguin
6:37 Loom
13:36 Feudal Age
14:04 Man-at-Arms
18:10 Fletching
23:00 Castle Age
23:25 Scale Mail Armor
23:36 Forging
23:24 Double-Bit Axe
25:05 Horse Collar
25:15 Elite Skirmisher
26:52 Pikeman
33:16 Wheelbarrow
34:13 Bow Saw
34:56 Bodkin Arrow
35:11 Forging
36:05 Forging
40:01 Imperial Age
38:35 Chain Mail Armor
39:08 Gold Mining
39:48 Heavy Plow
43:20 Conscription
44:01 Hand Cart
43:49 Perfusion
45:39 Iron Casting
45:40 Halberdier
49:26 Two-Man Saw
49:37 Squires
55:17 Anarchy
56:37 Elite Huskarl
61:01 Blast Furnace
Nawaab
3:18 Loom
12:19 Feudal Age
12:59 Double-Bit Axe
13:14 Town Watch
14:29 Gold Mining
16:15 Fletching
24:29 Wheelbarrow
26:12 Stone Mining
28:42 Castle Age
27:07 Stone Mining
33:35 Bow Saw
34:37 Padded Archer Armor
34:42 Bodkin Arrow
35:34 Horse Collar
38:27 Ballistics
39:50 Husbandry
40:56 Bloodlines
42:51 Thumb Ring
49:06 Imperial Age
48:53 Padded Archer Armor
49:48 Bracer
50:56 Chemistry
50:33 Parthian Tactics
50:30 Heavy Cavalry Archer
PaikSiegePush
11:40 Loom
14:07 Feudal Age
23:31 Double-Bit Axe
33:26 Town Watch
34:17 Wheelbarrow
39:47 Castle Age
39:43 Horse Collar
39:54 Gold Mining
39:55 Stone Mining
49:21 Bow Saw
49:13 Heavy Plow
50:10 Wheelbarrow
54:37 Imperial Age
55:06 Capped Ram
55:31 Heavy Scorpion
55:43 Pikeman
56:23 Squires
56:21 Halberdier
56:29 Siege Ram
57:40 Hand Cart
Anath3mA
11:54 Loom
13:39 Feudal Age
15:12 Double-Bit Axe
18:11 Castle Age
16:39 Double-Bit Axe
16:37 Horse Collar
25:59 Bow Saw
28:36 Forging
29:45 Scale Barding Armor
29:52 Heavy Plow
31:14 Wheelbarrow
33:38 Bloodlines
33:29 Husbandry
35:30 Chain Barding Armor
35:46 Iron Casting
35:49 Fletching
36:07 Gold Mining
36:07 Stone Mining
40:56 Imperial Age
38:45 Bodkin Arrow
40:09 Hand Cart
40:52 Masonry
42:19 Conscription
43:34 Blast Furnace
43:10 Ming Guang Armor
42:42 Elite Tiger Cavalry
45:29 Hoardings
46:12 Gold Shaft Mining
46:12 Stone Shaft Mining
46:47 Ballistics
47:27 Chemistry
53:09 Tuntian
55:44 Town Watch
Connection lost

Rejoining the realm…

Still unreachable

The connection could not be restored.

Session expired

The server has moved on; the page needs a fresh start.